cavehack, chaotic female orcish Cavewoman ----------- ----------- |....|....--- |.........| |....|``...>| |.........| |..``.....--- |.........| |....|....| |....<....| |-.--------- |.........| |..`.|.....| |.........| |....|.....| |.........| |..........| |.........| |....|.....----------------l| |....|....................od| ----------------------------- cavehack the Young Cave Woman Experience level: 8 Strength: 18/02 Dexterity: 15 Constitution: 16 Intelligence: 9 Wisdom: 10 Charisma: 7 Health: 0(56) Energy: 25(25) Def: 9 Gold: 369 Moves: 6339 Dungeon seed: bjKNNK9UV6m2LOTV Game ID: cavehack_1460984374 Your Inventory: Coins $ - 369 gold pieces Weapons a - an uncursed +0 aklys (weapon in hand) o - an uncursed +4 elven dagger r - 2 blessed +0 daggers s - 10 uncursed +0 daggers (in quiver) I - an uncursed +0 elven dagger Armor e - an uncursed +0 elven shield (being worn) m - an uncursed +0 pair of iron shoes (being worn) q - an uncursed +0 cloak of displacement (being worn) z - a blessed +1 dwarvish iron helm (being worn) N - an uncursed +0 studded leather armor (being worn) Comestibles c - 11 uncursed food rations d - 5 uncursed tripe rations p - 2 uncursed cream pies C - an uncursed pancake P - an uncursed tin of giant bat meat Q - 2 uncursed eggs X - an uncursed fortune cookie Z - an uncursed cherry Scrolls g - 2 uncursed scrolls of earth l - an uncursed scroll of identify U - a cursed scroll of light W - an uncursed scroll of genocide Potions t - an uncursed potion of speed Rings j - an uncursed ring of stealth Y - an uncursed ring of shock resistance Wands b - an uncursed wand of striking (0:4) f - an uncursed wand of teleportation (0:7) y - an uncursed wand of sleep (0:6) D - an uncursed wand of enlightenment (0:12) O - an uncursed wand of slow monster (0:3) V - an uncursed wand of cancellation (0:6) Tools k - an uncursed skeleton key v - an uncursed towel w - an uncursed magic whistle B - an uncursed sack R - an uncursed partly used wax candle (0:138) S - an uncursed blindfold T - a blessed wax candle (0:400) Gems n - an uncursed worthless piece of violet glass Contents of the sack: an uncursed +0 dwarvish mattock a cursed scroll of punishment an uncursed scroll of scare monster an uncursed potion of blindness a blessed potion of gain ability Spells and supernatural/magical abilities: Name Level Category Fail Memory W - pray for help -- divine ? -- Your skills at the end: Miscellaneous Skills bare handed combat [Basic] Weapon Skills scimitar [Basic] club [Basic] sling [Basic] Spellcasting Skills Final Attributes: You were piously aligned. You were poison resistant. You had infravision. You were displaced. You were fast. You are dead. Vanquished creatures: 2 ghosts 2 human mummies a giant spider 2 gnome kings a dwarf mummy a dog a dingo a jaguar 2 dust vortices a gnome mummy 2 apes 2 Woodland-elves a soldier ant a baby crocodile a wood nymph 2 rock moles a rock piercer a violet fungus 7 gnome lords 4 gnomish wizards a black naga hatchling a golden naga hatchling a guardian naga hatchling 3 elf zombies a straw golem 2 paper golems a giant ant 2 little dogs 2 floating eyes a kitten 9 dwarves 2 kobold lords a kobold shaman an iguana a hill orc a giant bat 2 orc zombies a werejackal 5 coyotes 4 hobbits an acid blob 2 large kobolds 2 geckos a hobgoblin 3 giant rats a cave spider 2 brown molds a red mold 26 gnomes 6 garter snakes a gnome zombie 6 jackals 3 foxes 8 newts 2 sewer rats 9 grid bugs 5 bats 2 lichens a kobold zombie 160 creatures vanquished. Voluntary challenges: You did not adorn yourself with jewelry or accessories. You had been an atheist until turn 2667. You used a wielded weapon 281 times, starting on turn 1. You did not apply a unicorn horn. You read items or engraved 3 times, starting on turn 2736. You never genocided any monsters. You never polymorphed an object. You never changed form. You used no wishes. You never split a pudding. You wrote Elbereth's name 3 times, starting on turn 2736. You violated your moral code, losing 3 points of alignment, starting on turn 1988. Dungeon overview: The Dungeons of Doom: levels 1 to 9 Level 1 a long staircase Level 2 an armor shop stairs to The Gnomish Mines Level 3 a sink Level 4 a general store Level 5 a fountain Level 6 Level 7 many fountains Level 8 a fountain stairs to Sokoban Level 9 The Gnomish Mines: levels 3 to 7 Level 3 stairs to The Dungeons of Doom Level 4 (stash) Level 5 Level 6 some shops, a temple to Anu, a magic chest, some fountains Level 7 Sokoban: levels 6 to 7 Level 6 <- You were here Level 7 a magic chest stairs to The Dungeons of Doom History has recorded: On T:1 you entered the Dungeons of Doom to retrieve the Amulet of Yendor! On T:238 you reached level 2 of The Dungeons of Doom. On T:357 you advanced to experience level 2. On T:544 you reached level 1 of The Gnomish Mines. On T:663 you reached level 3 of The Dungeons of Doom. On T:1151 you reached level 4 of The Dungeons of Doom. On T:1358 you advanced to experience level 3. On T:1655 you advanced to experience level 4. On T:1713 you advanced to experience level 5. On T:1811 you reached level 2 of The Gnomish Mines. On T:2164 you reached level 3 of The Gnomish Mines. On T:2196 you advanced to experience level 6. On T:2528 you reached level 4 of The Gnomish Mines. On T:2647 you entered the Minetown temple On T:2685 you opened a magic chest. On T:2686 you opened a magic chest. On T:3079 you advanced to experience level 7. On T:3093 you opened a magic chest. On T:3260 you opened a magic chest. On T:3311 you opened a magic chest. On T:3398 you opened a magic chest. On T:3398 you opened a magic chest. On T:3403 you opened a magic chest. On T:3404 you opened a magic chest. On T:3407 you opened a magic chest. On T:3517 you opened a magic chest. On T:3518 you opened a magic chest. On T:3534 you opened a magic chest. On T:3590 you reached level 5 of The Gnomish Mines. On T:3685 you opened a magic chest. On T:3770 you opened a magic chest. On T:3770 you opened a magic chest. On T:4352 you reached level 5 of The Dungeons of Doom. On T:4711 you reached level 6 of The Dungeons of Doom. On T:4723 you reached level 7 of The Dungeons of Doom. On T:4923 you reached level 8 of The Dungeons of Doom. On T:4963 you reached level 9 of The Dungeons of Doom. On T:5081 you reached level 4 of Sokoban. On T:5386 you advanced to experience level 8. On T:5621 you reached level 3 of Sokoban. Score breakdown: Gold: 369 ( 36 points) Experience: 8 levels ( 700 points) Exploration: 9 levels ( 240 points) Discoveries: 12 items ( 600 points) Variety of kills: 59 monsters ( 2000 points) Major goal: reached Minetown ( 500 points) Survival: died (score multiplied by 3) Total score: 12228 Latest messages: You hit the crocodile! The crocodile bites! The crocodile claws you! You die... Final status: Goodbye cavehack the Cavewoman, killed by a crocodile... You died in Sokoban on dungeon level 6 with 12228 points, and 369 pieces of gold, after 6339 moves. You were level 8 with a maximum of 56 hit points when you died.